 Dungeon Crawl Stone Soup version 0.27-a0-1391-g48c30b3128 (webtiles) character file.

Game seed: 14498026132088194442

97 Froggeryz the Cutter (level 4, -1/31 HPs)
             Began as an Octopode Berserker on July 1, 2021.
             Was a Believer of Trog.
             Slain by a gnoll (6 damage)
             ... on level 2 of the Dungeon.
             The game lasted 00:01:37 (1480 turns).

Froggeryz the Cutter (Octopode Berserker)           Turns: 1480, Time: 00:01:38

Health: -1/31      AC:  1    Str: 16    XL:     4   Next: 68%
Magic:  4/4        EV: 13    Int:  9    God:    Trog [**....]
Gold:   74         SH:  0    Dex: 12    Spells: 3/3 levels left

rFire    . . .     SeeInvis .   a - +0 short sword
rCold    . . .     Faith    .   (no shield)
rNeg     . . .     Spirit   .   (helmet restricted)
rPois    .         Reflect  .   (no amulet)
rElec    .         Harm     .   (no ring)
rCorr    .         Rampage  .   (no ring)
Will     .....                  (no ring)
Stlth    +++.......             (no ring)
HPRegen  0.10/turn              (no ring)
MPRegen  0.09/turn              (no ring)
                                (no ring)
                                (no ring)

@: no status effects
A: almost no armour, amphibious, 8 rings, camouflage 1, gelatinous body 1,
(nimble swimmer 1), tentacles
a: Renounce Religion, Berserk, Trog's Hand


You were on level 2 of the Dungeon.
You worshipped Trog.
Trog was pleased with you.
You visited 1 branch of the dungeon, and saw 2 of its levels.

You collected 74 gold pieces.

Inventory:

Hand Weapons
 a - a +0 short sword (weapon)
Scrolls
 b - a scroll of identify {unknown}
 e - a scroll of noise {unknown}
Potions
 c - a potion of heal wounds {unknown}
 d - a potion of curing {unknown}


   Skills:
 - Level 3.0 Fighting
 * Level 4.6 Short Blades
 - Level 3.0 Dodging
 + Level 3.2 Stealth


You had 3 spell levels left.
You didn't know any spells.
Your spell library was empty.

Dungeon Overview and Level Annotations

Branches:
Dungeon (2/15)

Altars:
Xom


Innate Abilities, Weirdness & Mutations

You cannot wear most types of armour.
You are amphibious.
You can wear up to eight rings at the same time.
Your skin changes colour to match your surroundings (Stealth+).
Your rubbery body absorbs attacks. (AC +1, EV +1)
((You are camouflaged near water. (Stealth+)))
You have tentacles for arms and can constrict up to eight enemies at once.


Message History

You feel yourself speed up.
You closely miss the rat. Your grab misses the rat. You squeeze the rat.
You kill the rat!
Trog accepts your kill.
No target in view!
No target in view!
You recover from your berserk rage.
HP restored.
Things that are here:
a +0 short sword; a +0 dagger
e - a scroll labelled NUIRECZ YTWAR
Found a stone staircase leading up.
Key pressed, stopping explore.
No target in view!
No target in view!
A gnoll comes into view. It is wielding a +0 halberd.
The gnoll shouts!
You hear a shout!
A gnoll comes into view. It is wielding a +0 spear.
The gnoll moves out of view.
A gnoll is nearby!
A gnoll is nearby!
A gnoll comes into view.
It is wielding a +2 halberd of freezing.
A gnoll comes into view. It is wielding a +0 spear.
There is a stone staircase leading up here.
The gnoll closely misses you.
There is a stone staircase leading up here.
You hit the gnoll. Your grab misses the gnoll. Your squeeze misses the gnoll.
The gnoll is moderately wounded.
The gnoll hits you from afar with a +0 spear!
The gnoll hits you with a +0 halberd!
You hit the gnoll but do no damage. You grab the gnoll. You squeeze the gnoll.
The gnoll is almost dead.
You constrict the gnoll.
The gnoll hits you from afar with a +0 spear.
* * * LOW HITPOINT WARNING * * *
You hit the gnoll.
You kill the gnoll!
Trog accepts your kill.
The gnoll hits you from afar with a +0 spear.
You die...

#.# #g.......# #....>.. #.#
..#.gg.#######........ .. #.#
#.#.##.g.......#...... .. #.#
#.#.#####g###..#...... #. #.#
#.#.## #..# ...8....
#.##.#####....###.## ##......
#..#.##.....#..##.# ####### #
#.#.##.######..g.#############
.###....#.#.....@)...............
..###........#########...)#######
#.......####.# ####.## #
..........##.# #..# #
######†....#.## ##.###
######..##....# #...####
..>..#........### #.......
.....#...###....####### #.......
.........###.##.......####.......


You could see a gnoll.

Vanquished Creatures
  A hound skeleton (D:2)
  3 adders (D:2)
  A gnoll (D:2)
  An adder skeleton (D:2)
  A worm (D:2)
  2 dart slugs
  3 bats
  4 endoplasms
  A giant cockroach (D:1)
  2 goblins
  3 hobgoblins
  4 jackals (D:1)
  5 kobolds
  3 ball pythons
  4 frilled lizards
  12 rats
50 creatures vanquished.

Notes
Turn   | Place    | Note
-------+----------+-------------------------------------------
     0 | D:1      | Froggeryz the Octopode Berserker began the quest for the
                  | Orb.
     0 | D:1      | Reached XP level 1. HP: 16/16 MP: 1/1
   123 | D:1      | Reached skill level 1 in Stealth
   126 | D:1      | Reached XP level 2. HP: 4/21 MP: 2/2
   589 | D:1      | Reached ** piety under Trog
   627 | D:1      | Found a faded altar of an unknown god.
   663 | D:1      | Reached XP level 3. HP: 26/26 MP: 3/3
  1000 | D:2      | Reached skill level 4 in Short Blades
  1063 | D:2      | Found a shimmering altar of Xom.
  1109 | D:2      | Reached XP level 4. HP: 31/31 MP: 4/4
  1480 | D:2      | Slain by a gnoll

Illustrated notes

Levels and vault maps discovered:
D:1:      dpeg_arrival_prison, layout_rooms, hellmonk_ecumenical_altar_lost_god
D:2:      layout_rooms, basic_altar, st_stairs_1

Skill      XL: |  1  2  3  4 |
---------------+-------------+-----
Stealth        | 1 2 3 |  3.2
Short Blades   | 4 |  4.6
Fighting       | |  3.0
Dodging        | |  3.0

Action                   |  1- 3 |  4- 6 || total
-------------------------+-------+-------++-------
Melee: Short sword       |    75 |    33 ||   108
       Constrict         |    16 |     9 ||    25
       Tentacles         |    10 |     8 ||    18
Invok: Berserk           |       |     1 ||     1
 Stab: Sleeping          |     9 |       ||     9
Armor: Skin              |    12 |     2 ||    14
Dodge: Dodged            |    46 |    20 ||    66

Table legend: (Time is in decaauts)
 A = Elapsed time spent in this place.
 B = Non-inter-level travel time spent in this place.
 C = Inter-level travel time spent in this place.
 D = Time resting spent in this place.
 E = Time spent auto-exploring this place.
 F = Levels seen in this place.
 G = Mean time per level.
                   A        B        C        D        E       F      G
               +--------+--------+--------+--------+--------+-----+--------+
         Total |   1480 |   1478 |      2 |    452 |    735 |   2 |  740.0 |
       Dungeon |   1480 |   1478 |      2 |    452 |    735 |   2 |  740.0 |
               +--------+--------+--------+--------+--------+-----+--------+

Top non-repeatable levels by time:
     D:1: 948 daAuts
     D:2: 531 daAuts
